 Dungeon Crawl Stone Soup version 0.25-a0-100-g33052ceff8 (webtiles) character file.

Game seed: 16942943768730632841, levelgen mode: deterministic

112 Amanar the Firebug (level 4, 0/33 HPs)
             Began as a Demigod Fire Elementalist on Nov 14, 2019.
             Slain by a centaur (2 damage)
             ... on level 3 of the Dungeon.
             The game lasted 00:12:41 (2858 turns).

Amanar the Firebug (Demigod Fire Elementalist)      Turns: 2858, Time: 00:12:42

Health: 0/33       AC:  8    Str: 13      XL:     4   Next: 38%
Magic:  11/11      EV:  6    Int: 19      God:
Gold:   74         SH:  4    Dex: 14 (16) Spells: 4/8 levels left

rFire    . . .     SeeInvis .   k - +1 spear (pierce)
rCold    . . .     Gourm    .   b - +0 buckler
rNeg     . . .     Faith    .   i - +0 chain mail
rPois    .         Spirit   .   (no helmet)
rElec    .         Reflect  .   (no cloak)
rCorr    .         Harm     .   (no gloves)
MR       .....                  (no boots)
Stlth    ..........             (no amulet)
HPRegen  0.11/turn              (no ring)
MPRegen  0.12/turn              (no ring)

@: very slightly contaminated
A: deterioration 2, high mp 1
a: no special abilities


You were on level 3 of the Dungeon.
You were not hungry.

You visited 1 branch of the dungeon, and saw 3 of its levels.

You collected 74 gold pieces.

Inventory:

Hand Weapons
 k - a +1 spear of piercing (weapon)
   (You found it on level 2 of the Dungeon)
Armour
 b - a +0 buckler (worn)
   (You found it on level 2 of the Dungeon)
 i - a +0 chain mail (worn)
   (You found it on level 3 of the Dungeon)
Scrolls
 f - a scroll of identify {@r1}
 g - a scroll of blinking {unknown}
Potions
 c - a potion of flight
 d - a potion of magic {unknown}
 h - a potion of curing {@q1}
Comestibles
 e - 5 rations {!d}


   Skills:
 + Level 0.7 Armour
 - Level 2.5 Dodging
 - Level 1.7 Stealth
 + Level 1.2 Shields
 - Level 2.8 Spellcasting
 + Level 1.6 Conjurations
 + Level 2.9 Fire Magic


You had 4 spell levels left.
You knew the following spells:

 Your Spells              Type           Power        Failure   Level  Hunger
a - Flame Tongue          Conj/Fire      ##...        97%         1    None
d - Conjure Flame         Conj/Fire      ##......     100%        3    ###....

Your spell library contained the following spells:

 Spells                   Type           Power        Failure   Level  Hunger
 Throw Flame              Conj/Fire      ##....       99%         2    ##.....
 Animate Skeleton         Necr           N/A          100%        1    None
 Pain                     Necr           #...         100%        1    None
 Inner Flame              Hex/Fire       #.......     100%        3    ###....
 Regeneration             Chrm/Necr      #.........   100%        3    ###....
 Vampiric Draining        Necr           #.........   100%        3    ###....
 Animate Dead             Necr           N/A          100%        4    ####...
 Sticky Flame             Conj/Fire      ##......     100%        4    ####...
 Fireball                 Conj/Fire      ##........   100%        5    ######.


Dungeon Overview and Level Annotations

Branches:
Dungeon (3/15)


Innate Abilities, Weirdness & Mutations

You have an increased reservoir of magic. (+10% MP)
Your body often deteriorates upon taking damage.


Message History

You start resting.
Your body shudders with the violent release of wild energies!
You feel your body start to fall apart.
You feel less contaminated with magical energies.
Some of the chunks of flesh in your inventory have rotted away.
You start resting.
All of the chunks of flesh in your inventory have rotted away.
Things that are here:
a +0 club; a goblin skeleton A centaur comes into view.
The centaur shouts!
The centaur wields a +0 shortbow.
The centaur shoots an arrow.
The arrow hits you but does no damage.
You see here an arrow.
The centaur shoots an arrow.
The arrow hits you!
You see here an arrow.
The centaur shoots an arrow.
The arrow hits you!
* * * LOW HITPOINT WARNING * * *
You start resting.
The centaur is too close now for your liking.
The centaur unwields a +0 shortbow.
The centaur hits you but does no damage. x2
Your chain mail prevents you from hitting the centaur.
The centaur hits you but does no damage.
You hit the centaur.
The centaur hits you but does no damage.
The centaur hits you.
* * * LOW HITPOINT WARNING * * *
Your body deteriorates!
You feel clumsy.
You hit the centaur. The centaur hits you.
* * * LOW HITPOINT WARNING * * *
The centaur closely misses you.
You hit the centaur but do no damage. The centaur hits you.
* * * LOW HITPOINT WARNING * * *
Your body deteriorates!
You feel clumsy. The centaur barely misses you.
Your shield and chain mail prevent you from hitting the centaur.
You block the centaur's attack.
You hit the centaur. The centaur completely misses you.
The centaur barely misses you.
You hit the centaur. The centaur hits you.
* * * LOW HITPOINT WARNING * * *
Okay, then.
You are too injured to fight recklessly!
You are too injured to fight recklessly!
You are too injured to fight recklessly!
You closely miss the centaur. The centaur barely misses you.
The centaur hits you but does no damage.
You hit the centaur but do no damage. The centaur hits you.
You die...

##.......≈..≈..(≈≈≈..#
##...........).(#...##
##..######..........#
##..# ##.####.#)..#
.#..# #...###.#####
..h.# #.....##.# .##.#
##...###.# #..#
h##.######.## #c####
#..# .#.........#
#.@..# #.g##
....######.# ####.#
#... .#..## #.# #.#
#..# .....# #)# #.#
#..# .....# #.# #.#
#<.# ##...# #.# #.#
#..# #####
#.#######.#######..#
#..................#
#########.##.......#


You could see a centaur.

Vanquished Creatures
  A hound (D:3)
  2 adders (D:2)
  3 worms
  A dart slug (D:2)
  2 leopard geckos
  6 orcs (D:3)
  A ball python (D:2)
  A giant cockroach (D:3)
  7 goblins
  2 hobgoblins (D:2)
  4 jackals (D:1)
  5 kobolds
  2 quokkas (D:2)
  7 bats
  A frilled lizard (D:3)
  3 rats
48 creatures vanquished.

Notes
Turn   | Place    | Note
-------+----------+-------------------------------------------
     0 | D:1      | Amanar the Demigod Fire Elementalist began the quest for
                  | the Orb.
     0 | D:1      | Reached XP level 1. HP: 14/14 MP: 5/5
   457 | D:1      | Reached XP level 2. HP: 20/20 MP: 5/7
  1093 | D:2      | Reached XP level 3. HP: 22/26 MP: 5/9
  1180 | D:2      | Reached skill level 1 in Conjurations
  1392 | D:2      | Learned a level 3 spell: Conjure Flame
  2453 | D:3      | Found a faded altar of an unknown god.
  2602 | D:3      | Reached skill level 1 in Shields
  2606 | D:3      | Gained mutation: Your body sometimes deteriorates upon
                  | taking damage. [mutagenic glow]
  2610 | D:3      | Reached XP level 4. HP: 32/33 MP: 2/11
  2719 | D:3      | Gained mutation: Your body often deteriorates upon taking
                  | damage. [mutagenic glow]
  2837 | D:3      | Noticed a centaur
  2858 | D:3      | Slain by a centaur

Levels and vault maps discovered:
D:1:      lemuel_arrival_tunnels, layout_basic, minmay_misc_feat_rows,
          corexii_item_surrounded_by_moat, minmay_misc_feat_columns
D:2:      layout_basic
D:3:      layout_loops_ring, chequers_ecumenical_altar_island

Skill      XL: |  1  2  3 |
---------------+----------+-----
Dodging        | 2 |  2.5
Spellcasting   | 2 |  2.8
Conjurations   | 1 |  1.6
Shields        | 1 |  1.2
Armour         | |  0.7
Stealth        | |  1.7
Fire Magic     | |  2.9

Action                   |  1- 3 |  4- 6 || total
-------------------------+-------+-------++-------
Melee: Spear             |    19 |    28 ||    47
 Cast: Flame Tongue      |   102 |     1 ||   103
       Conjure Flame     |     1 |       ||     1
  Use: Scroll            |     6 |       ||     6
  Eat: Chunk             |     5 |     1 ||     6
Armor: Robe              |    12 |       ||    12
       Chain mail        |     9 |    28 ||    37
       Ring mail         |     1 |       ||     1
Dodge: Dodged            |    26 |    15 ||    41
Block: Buckler           |     7 |     5 ||    12

Table legend:
 A = Non-vault XP
 B = Vault XP
 C = Vault XP percentage of total XP
 D = Non-vault monster count
 E = Vault monster count
 F = Vault count percentage of total count
                 A         B        C        D         E       F
            +---------+---------+-------+---------+---------+-------
      Total |     161 |       0 |   0.0 |      48 |       0 |   0.0
            +---------+---------+-------+---------+---------+-------
        D:1 |      23 |       0 |   0.0 |      13 |       0 |   0.0
        D:2 |      65 |       0 |   0.0 |      19 |       0 |   0.0
        D:3 |      73 |       0 |   0.0 |      16 |       0 |   0.0
            +---------+---------+-------+---------+---------+-------
